 Dungeon Crawl Stone Soup version 0.23-a0-650-ga4d50d4 (webtiles) character file.

1162 Ereth the Slasher (level 8, -1/61 HPs)
             Began as a Human Berserker on Jan 3, 2019.
             Was an Elder of Trog.
             Slain by an ogre
             ... wielding a +0 giant spiked club
              (9 damage)
             ... on level 5 of the Dungeon.
             The game lasted 00:14:34 (5613 turns).

Ereth the Slasher (Human Berserker)                 Turns: 5613, Time: 00:14:35

Health: -1/61      AC: 11    Str: 19    XL:     8   Next: 67%
Magic:  8/8        EV: 11    Int:  8    God:    Trog [****..]
Gold:   203        SH:  0    Dex: 13    Spells: 7/7 levels left

rFire    . . .     SeeInvis .   a - +3 falchion
rCold    . . .     Gourm    .   (no shield)
rNeg     + . .     Faith    .   e - +1 scale mail
rPois    .         Spirit   .   g - +2 helmet
rElec    .         Reflect  .   (no cloak)
rCorr    .         Harm     .   (no gloves)
MR       .....                  (no boots)
Stlth    ..........             i - amulet of magic regeneration
HPRegen  0.20/turn              l - ring of positive energy
MPRegen  0.36/turn              h - ring of wizardry

@: berserk cooldown, slowed, very slow
A: no striking features
a: Berserk, Trog's Hand, Brothers in Arms, Renounce Religion


You were on level 5 of the Dungeon.
You worshipped Trog.
Trog was greatly pleased with you.
You were very hungry.

You visited 1 branch of the dungeon, and saw 5 of its levels.
You also visited: Sewer.

You collected 203 gold pieces.

Inventory:

Hand Weapons
 a - a +3 falchion (weapon)
 n - a +2 dagger of chaos
Missiles
 d - 46 arrows
 u - 5 tomahawks (quivered)
 x - 21 sling bullets
Armour
 b - a +0 animal skin
 e - a +1 scale mail (worn)
 g - a +2 helmet (worn)
Jewellery
 h - a ring of wizardry (right hand)
 i - an amulet of magic regeneration (around neck)
 l - a ring of positive energy (left hand)
Scrolls
 f - 3 scrolls of remove curse
 k - 2 scrolls of amnesia
 q - 2 scrolls of teleportation
 r - a scroll of fog
Potions
 c - 2 potions of magic
 m - a potion of degeneration
 p - 2 potions of berserk rage
 s - a potion of might {unknown}
 v - a potion of curing {unknown}
 w - a potion of heal wounds {unknown}
 A - a potion of mutation {unknown}
Comestibles
 t - a ration


   Skills:
 + Level 4.7 Fighting
 + Level 6.7 Long Blades
 + Level 5.9 Armour
 + Level 3.9 Dodging
 + Level 0.3 Stealth


You had 7 spell levels left.
You didn't know any spells.
Your spell library was empty.

Dungeon Overview and Level Annotations

Branches:
Dungeon (5/15)             Temple (0/1) D:4

Altars:
Dithmenos
Hepliaklqana
Kikubaaqudgha
Okawaru
Sif Muna
Wu Jian
Xom
The Shining One


Message History

The ogre is moderately wounded.
The crimson imp hits you but does no damage.
The crimson imp misses you. The ogre closely misses you.
You riposte.
You hit the ogre.
The ogre is heavily wounded.
You slash the ogre!
The ogre is severely wounded.
The crimson imp hits you but does no damage.
The ogre closely misses you.
You riposte.
You barely miss the ogre.
The ogre is severely wounded.
You barely miss the ogre.
The ogre is severely wounded.
The crimson imp hits you but does no damage.
The ogre hits you with a +0 giant spiked club!
* * * LOW HITPOINT WARNING * * *
The crimson imp blinks!
You hit the ogre.
The ogre is almost dead.
The ogre hits you with a +0 giant spiked club!
You die...

#......
..... .....
... ... #w#
#O# #@# #§#
#.# #.# #5#
#(# ##(#
######..####
#...§§.....#


You could see an ogre, a worm and a crimson imp.

Vanquished Creatures
  A centaur (D:5)
  An ogre (D:4)
  4 big kobolds (Sewer)
  A scorpion (D:5)
  4 crimson imps (D:3)
  An orc priest (D:5)
  A hound (D:4)
  Jessica (D:4)
  Natasha (twice) (D:2)
  An orc wizard (D:5)
  A worker ant (D:4)
  Robin (D:2)
  14 adders
  3 river rats (Sewer)
  5 oozes
  9 worms
  5 dart slugs
  8 leopard geckos
  6 orcs
  5 ball pythons
  3 giant cockroaches
  20 goblins
  10 hobgoblins
  12 jackals
  6 kobolds
  2 quokkas
  6 bats
  2 frilled lizards
  7 rats
142 creatures vanquished.

Notes
Turn   | Place    | Note
-------+----------+-------------------------------------------
     0 | D:1      | Ereth the Human Berserker began the quest for the Orb.
     0 | D:1      | Reached XP level 1. HP: 18/18 MP: 1/1
    75 | D:1      | Reached XP level 2. HP: 7/24 MP: 2/2
   475 | D:1      | Reached XP level 3. HP: 26/29 MP: 3/3
   632 | D:1      | Reached ** piety under Trog
  1020 | D:2      | Reached XP level 4. HP: 25/35 MP: 4/4
  1416 | D:2      | Noticed Robin
  1435 | D:2      | Killed Robin
  1438 | D:2      | Reached skill level 4 in Long Blades
  1784 | D:2      | Found an iron altar of Okawaru.
  1786 | D:2      | Found an ornate altar of the Wu Jian Council.
  1812 | D:2      | Reached XP level 5. HP: 41/41 MP: 5/5
  1883 | D:2      | Found a glowing golden altar of the Shining One.
  2337 | D:2      | Noticed Natasha
  2343 | D:2      | Killed Natasha
  2604 | D:2      | Noticed Natasha
  2609 | D:2      | Killed Natasha
  2715 | D:3      | Found a shadowy altar of Dithmenos.
  2740 | D:3      | Reached XP level 6. HP: 48/48 MP: 6/6
  2817 | D:3      | Reached *** piety under Trog
  2846 | D:3      | Found a shimmering altar of Xom.
  3148 | D:3      | Found an ancient bone altar of Kikubaaqudgha.
  3258 | D:3      | Reached XP level 7. HP: 54/54 MP: 7/7
  3753 | D:4      | Found a glowing drain.
  3778 | Sewer    | Entered a sewer
  3896 | Sewer    | Reached skill level 5 in Long Blades
  4178 | Sewer    | Reached skill level 5 in Armour
  4189 | Sewer    | Reached **** piety under Trog
  4555 | Sewer    | Reached skill level 6 in Long Blades
  4555 | Sewer    | Reached XP level 8. HP: 33/61 MP: 8/8
  4898 | D:4      | Found a staircase to the Ecumenical Temple.
  5225 | D:4      | Found a hazy altar of Hepliaklqana.
  5325 | D:4      | Noticed Jessica
  5347 | D:4      | Killed Jessica
  5369 | D:4      | Found a deep blue altar of Sif Muna.
  5542 | D:5      | Entered Level 5 of the Dungeon
  5613 | D:5      | Slain by an ogre

Vault maps used:
D:1:      minmay_arrival_doors, minmay_three_crescents
D:2:      lemuel_coloured_pillars_altar, minitemple, first_ration, minivault_27,
          hangedman_abyss_or_decor_stabs, uniq_robin, uniq_natasha
D:3:      grunt_dithmenos_smoke_and_mirrors, kiku_gazebo_garden_becter,
          led_xom_imps
D:4:      tgw_sif, marbit_many_paths, minmay_temple_entry_antechambers,
          portal_sewer_entry_f
D:5:      uniq_eustachio
Sewer:    sewer_co_tree

Skill      XL: |  1  2  3  4  5  6  7 |
---------------+----------------------+-----
Long Blades    | 4 6 |  6.7
Armour         | 3 4 5 |  5.9
Fighting       | 4 |  4.7
Dodging        | 3 |  3.9
Stealth        | |  0.3

Action                   |  1- 3 |  4- 6 |  7- 9 || total
-------------------------+-------+-------+-------++-------
Melee: Falchion          |   111 |   152 |   287 ||   550
Invok: Berserk           |       |     1 |     2 ||     3
  Use: Scroll            |       |     8 |     5 ||    13
  Eat: Chunk             |     1 |     2 |     8 ||    11
       Ration            |       |     2 |       ||     2
Armor: Scale mail        |    63 |    70 |   117 ||   250
Dodge: Dodged            |    98 |    78 |   145 ||   321
       Rpst.: Falchion   |    33 |    24 |    35 ||    92

Table legend:
 A = Non-vault XP
 B = Vault XP
 C = Vault XP percentage of total XP
 D = Non-vault monster count
 E = Vault monster count
 F = Vault count percentage of total count
                 A         B        C        D         E       F
            +---------+---------+-------+---------+---------+-------
      Total |     730 |     930 |  56.0 |      83 |      59 |  41.5
            +---------+---------+-------+---------+---------+-------
        D:1 |      49 |      17 |  25.8 |      24 |       7 |  22.6
        D:2 |     125 |      71 |  36.2 |      20 |      13 |  39.4
        D:3 |      95 |     198 |  67.6 |      21 |       4 |  16.0
        D:4 |     179 |      85 |  32.2 |      11 |       7 |  38.9
        D:5 |     282 |       0 |   0.0 |       7 |       0 |   0.0
      Sewer |       0 |     559 | 100.0 |       0 |      28 | 100.0
            +---------+---------+-------+---------+---------+-------
